 Dungeon Crawl Stone Soup version 0.23-a0-756-g517b432 (console) character file.

157 Voker57 the Slasher (level 5, -7/41 HPs)
             Began as a Demonspawn Gladiator on Jan 18, 2019.
             Killed by divine providence
             ... invoked by an orc priest
              (12 damage)
             ... on level 3 of the Dungeon.
             The game lasted 00:02:54 (1694 turns).

Voker57 the Slasher (Demonspawn Gladiator)          Turns: 1694, Time: 00:02:55

Health: -7/41      AC:  9    Str: 15    XL:     5   Next: 15%
Magic:  5/5        EV: 14    Int: 12    God:
Gold:   81         SH:  0    Dex: 15    Spells: 4/4 levels left

rFire    . . .     SeeInvis .   a - +1 long sword
rCold    + . .     Gourm    .   (no shield)
rNeg     . . .     Faith    .   n - +2 robe {rC+}
rPois    .         Spirit   .   j - +1 helmet {Int+3}
rElec    .         Reflect  .   o - +2 cloak {+Inv}
rCorr    .         Harm     .   (no gloves)
MR       .....                  (no boots)
Stlth    ++........             (no amulet)
HPRegen  0.13/turn              (no ring)
MPRegen  0.09/turn              (no ring)

@: no status effects
A: talons 1, demonic guardian 1, nightstalker 1
a: Evoke Invisibility


You were on level 3 of the Dungeon.
You were hungry.

You visited 1 branch of the dungeon, and saw 3 of its levels.

You collected 81 gold pieces.

Inventory:

Hand Weapons
 a - a +1 long sword (weapon)
Missiles
 d - a throwing net (quivered)
Armour
 b - a +0 leather armour
 c - a +0 helmet
 j - a +1 helmet of intelligence (worn)
 n - a +2 robe of cold resistance (worn)
 o - a +2 cloak of invisibility (worn)
Scrolls
 e - 2 scrolls of enchant weapon
 g - a scroll of enchant armour
 h - a scroll of remove curse
 i - a scroll of fog
 l - 2 scrolls of identify
Comestibles
 f - 10 rations


   Skills:
 + Level 3.1 Fighting
 * Level 4.2 Long Blades
 - Level 1.7 Throwing
 + Level 3.5 Dodging


You had 4 spell levels left.
You didn't know any spells.
Your spell library was empty.

Dungeon Overview and Level Annotations

Branches:
Dungeon (3/15)

Altars:
Nemelex Xobeh
Yredelemnul


Innate Abilities, Weirdness & Mutations

You have sharp toenails.
A weak demonic guardian rushes to your aid.
You are slightly more attuned to the shadows.


Message History

You feel a bit more experienced.
Throwing (i - inventory)
d - 2 throwing nets (quivered)
Press: ? - help, Shift-Dir - straight line You throw a throwing net.
The throwing net hits the orc priest.
The orc priest is caught in the net!
The orc priest struggles against the net.
You hit the orc priest but do no damage.
You claw the orc priest.
The orc priest is lightly wounded.
The orc priest struggles against the net.
Your iron imp hits the orc priest.
You hit the orc priest but do no damage.
The orc priest is moderately wounded.
The orc priest struggles against the net.
Your iron imp hits the orc priest.
You barely miss the orc priest.
The orc priest is severely wounded.
The orc priest invokes the aid of Beogh against you.
Beogh smites you!
You die...

#........
####†##.##
#..)$....#
#<##.####.#
#.##.#
#.##.#
#^##.#
#.##.#
###.###.##..
......5@####
(.....#o#
........#
......#!(
......####
#####


You could see an orc priest (caught) and a friendly iron imp.

Vanquished Creatures
  Jessica (D:2)
  An orc wizard (D:3)
  An adder (D:2)
  2 oozes (D:1)
  2 dart slugs
  A leopard gecko (D:2)
  2 orcs (D:3)
  9 hobgoblins
  6 jackals
  A quokka (D:2)
  2 frilled lizards
  4 goblins
  9 kobolds (D:1)
  8 rats
49 creatures vanquished.

Vanquished Creatures (collateral kills)
  Crazy Yiuf (D:2)
  An orc wizard (D:3)
2 creatures vanquished.

Grand Total: 51 creatures vanquished

Notes
Turn   | Place    | Note
-------+----------+-------------------------------------------
     0 | D:1      | Voker57 the Demonspawn Gladiator began the quest for the
                  | Orb.
     0 | D:1      | Reached XP level 1. HP: 16/16 MP: 1/1
    41 | D:1      | Reached skill level 3 in Long Blades
    48 | D:1      | Gained mutation: A weak demonic guardian rushes to your
                  | aid. [demonic ancestry]
    48 | D:1      | Reached XP level 2. HP: 11/22 MP: 2/2
   679 | D:1      | Gained mutation: You have sharp toenails. [demonic
                  | ancestry]
   679 | D:1      | Reached XP level 3. HP: 26/28 MP: 3/3
  1075 | D:2      | Found a basalt altar of Yredelemnul.
  1130 | D:2      | Found a runed door.
  1430 | D:2      | Found a sparkling altar of Nemelex Xobeh.
  1505 | D:2      | Noticed Jessica
  1513 | D:2      | Killed Jessica
  1513 | D:2      | Reached XP level 4. HP: 19/34 MP: 4/4
  1590 | D:2      | Noticed Crazy Yiuf
  1596 | D:2      | Killed Crazy Yiuf
  1596 | D:2      | Reached skill level 4 in Long Blades
  1680 | D:3      | Gained mutation: You are slightly more attuned to the
                  | shadows. [demonic ancestry]
  1680 | D:3      | Reached XP level 5. HP: 22/41 MP: 5/5
  1694 | D:3      | Killed from afar by an orc priest

Vault maps used:
D:1:      evilmike_arrival_fibonacci_small
D:2:      nicolae_overflow_crystal_walls, yredelemnul_altar_generic,
          first_ration, uniq_crazy_yiuf_cottage, uniq_jessica
D:3:      kennysheep_the_goblin_king, minmay_crystal_room

Skill      XL: |  1  2  3  4 |
---------------+-------------+-----
Long Blades    | 3 4 |  4.2
Dodging        | 3 |  3.5
Fighting       | 3 |  3.1
Throwing       | |  1.7

Action                   |  1- 3 |  4- 6 || total
-------------------------+-------+-------++-------
Melee: Long sword        |   107 |    20 ||   127
       Kick              |    12 |     6 ||    18
Throw: Throwing net      |       |     3 ||     3
  Use: Potion            |     2 |     1 ||     3
       Scroll            |       |     6 ||     6
 Stab: Held in net/web   |       |     1 ||     1
  Eat: Chunk             |     2 |       ||     2
Armor: Leather armour    |    26 |       ||    26
       Skin              |    33 |       ||    33
       Robe              |       |    17 ||    17
Dodge: Dodged            |    72 |    21 ||    93
       Rpst.: Long sword |    21 |     8 ||    29

Table legend:
 A = Non-vault XP
 B = Vault XP
 C = Vault XP percentage of total XP
 D = Non-vault monster count
 E = Vault monster count
 F = Vault count percentage of total count
                 A         B        C        D         E       F
            +---------+---------+-------+---------+---------+-------
      Total |     159 |      66 |  29.3 |      49 |       2 |   3.9
            +---------+---------+-------+---------+---------+-------
        D:1 |      54 |       0 |   0.0 |      27 |       0 |   0.0
        D:2 |      37 |      66 |  64.1 |      14 |       2 |  12.5
        D:3 |      68 |       0 |   0.0 |       8 |       0 |   0.0
            +---------+---------+-------+---------+---------+-------
